 Dungeon Crawl Stone Soup version 0.15-a0-1675-g4580af5 (webtiles) character file.

151 PolkaDot the Vexing (level 5, -9/35 HPs)
             Began as a Vampire Enchanter on June 24, 2014.
             Mangled by an orc warrior
             ... wielding a +0 dire flail
              (20 damage)
             ... on Level 3 of the Dungeon.
             The game lasted 00:08:52 (2475 turns).

PolkaDot the Vexing (Vampire Enchanter)             Turns: 2475, Time: 00:08:52

HP  -9/35        AC  5     Str  7      XL: 5   Next: 10%
MP   5/9         EV  6     Int 18      God:
Gold 86          SH  0     Dex 14      Spells:  2 memorised,  5 levels left

rFire  . . .     SeeInvis +     a - +1 dagger
rCold  + + .     Clarity  .     b - +1 robe
rNeg   + + +     rCorr    .     (no shield)
rPois  +         rRot     +     (no helmet)
rElec  .         Spirit   .     (no cloak)
SustAb .         Warding  .     g - +1 pair of gloves
rMut   .         Stasis   .     (no boots)
Gourm  .                        (no amulet)
MR     .....                    (no ring)
                                (no ring)

@: held, regenerating slowly, not resistant to hostile enchantments, fairly
stealthy
A: fangs 3, see invisible, unbreathing
a: Bat Form


You were on level 3 of the Dungeon.
You were near bloodless.

You visited 1 branch of the dungeon, and saw 3 of its levels.

You collected 86 gold pieces.

Inventory:

Hand weapons
 a - a +1 dagger (weapon)
Armour
 b - a +1 robe (worn)
 g - a +1 pair of gloves (worn)
Scrolls
 f - 4 scrolls of identify
 k - 2 scrolls of random uselessness
Potions
 d - a potion of coagulated blood {@w2}
 h - a potion of lignification
Books
 c - a book of Maledictions

   Spells                             Type                      Level
   *Corona                            Hexes                        1
   Sure Blade                         Hexes/Charms                 2
   *Ensorcelled Hibernation           Hexes/Ice                    2
   Confuse                            Hexes                        3
   Dazzling Spray                     Conjuration/Hexes            3
   Enslavement                        Hexes                        4


   Skills:
 - Level 3.1 Short Blades
 - Level 2.1 Dodging
 + Level 5.3 Stealth
 - Level 2.0 Spellcasting
 * Level 6.4 Hexes
 - Level 1.2 Ice Magic


You had 5 spell levels left.
You knew the following spells:

 Your Spells              Type           Power        Failure   Level  Hunger
a - Corona                Hex            ####...      1%          1    #......
d - Ensorcelled Hibernat  Hex/Ice        ###...       8%          2    ##.....


Dungeon Overview and Level Annotations

Branches:
Dungeon (3/15)

Altars:


Innate Abilities, Weirdness & Mutations

You heal slowly.
You have razor-sharp teeth.*
You have supernaturally acute eyesight.
You can survive without breathing.*


Message History

It is a scroll of enchant armour.
Enchant which item? (? for menu, Esc to quit)
Your cursed +0 pair of gloves glows green for a moment.
The rat barely misses you. The gnoll barely misses you.
Read which item? (? for menu, Esc to quit)
As you read the scroll labeled XOTEBIOKOB, it crumbles to dust.
It is a scroll of identify.
You don't have any unidentified items.
The rat bites you.
Drink which item? (? for menu, Esc to quit)
You feel better. The gnoll barely misses you.
The orc warrior hits you with a dire flail!
The rat bites you but does no damage. The gnoll hits you but does no damage.
Casting: Ensorcelled Hibernation
Confirm with . or Enter, or press ? or * to list all spells.
You don't know that spell.
You try to slip out of the net.
The gnoll hits you with a spear.
The orc warrior hits you with a dire flail!!
Ouch! That really hurt!
You die...

##### #...# ## #...#
.# #######..)#
.#####....##...#####
....##....##...#...*
.##.##........§#.#**
.##.###.#.##..§g§#
...%......##..o#@##
..o...#...oor§#
###.#...#.o..§§g#§#
#.#.(o#.#..#§..=#
#.#...ogo....####
###K.........###
..........####
#####..#...#
##.##..#


You could see an orc warrior, 2 gnolls, an orc and a rat (inner flame).

Vanquished Creatures
  6 gnolls
  5 adders
  A giant gecko (D:1)
  An ooze (D:1)
  6 bats
  2 giant cockroaches
  4 hobgoblins
  3 jackals
  3 quokkas (D:2)
  3 giant newts
  7 goblins
  2 kobolds (D:2)
  6 rats
49 creatures vanquished.

Vanquished Creatures (others)
  A plant (D:1)
1 creature vanquished.

Grand Total: 50 creatures vanquished

Notes
Turn   | Place    | Note
--------------------------------------------------------------
     0 | D:1      | PolkaDot, the Vampire Enchanter, began the quest for the Orb.
     0 | D:1      | Reached XP level 1. HP: 13/13 MP: 3/3
   656 | D:1      | Reached XP level 2. HP: 16/19 MP: 4/4
   828 | D:1      | Learned a level 2 spell: Ensorcelled Hibernation
  1107 | D:2      | Reached skill level 1 in Ice Magic
  1107 | D:2      | Reached XP level 3. HP: 24/24 MP: 6/6
  1651 | D:2      | Reached skill level 5 in Hexes
  1749 | D:2      | Reached XP level 4. HP: 28/30 MP: 4/7
  2207 | D:2      | Reached skill level 5 in Stealth
  2207 | D:2      | Reached skill level 6 in Hexes
  2440 | D:3      | Reached XP level 5. HP: 28/35 MP: 3/9
  2452 | D:3      | Noticed an orc warrior
  2475 | D:3      | Mangled by an orc warrior

Action                   |  1- 3 |  4- 6 || total
-------------------------+-------+-------++-------
Melee: Dagger            |    83 |    66 ||   149
 Cast: Corona            |     2 |     1 ||     3
       Ensorcelled Hiber |    10 |    11 ||    21
  Use: Potion            |     3 |     1 ||     4
       Scroll            |       |     6 ||     6
 Stab: Sleeping          |     8 |    11 ||    19
